 Dungeon Crawl Stone Soup version 0.26-a0-412-ga3d1f51b80 (webtiles) character file.

Game seed: 6161324932693387798

58 KristoblXynda the Ducker (level 3, 0/31 HPs)
             Began as a Troll Hedge Wizard on July 24, 2020.
             Slain by Robin
             ... wielding a +2 vorpal spear
              (1 damage)
             ... on level 2 of the Dungeon.
             The game lasted 00:01:40 (861 turns).

KristoblXynda the Ducker (Troll Hedge Wizard)        Turns: 861, Time: 00:01:41

Health: 0/31       AC:  6    Str: 18    XL:     3   Next: 75%
Magic:  5/5        EV: 10    Int: 11    God:
Gold:   91         SH:  0    Dex:  9    Spells: 5/6 levels left

rFire    . . .     SeeInvis .     - Unarmed
rCold    . . .     Faith    .   (no shield)
rNeg     . . .     Spirit   .   b - +0 robe
rPois    .         Reflect  .   c - +0 hat
rElec    .         Harm     .   (no cloak)
rCorr    .                      (gloves unavailable)
MR       .....                  (boots unavailable)
Stlth    +.........             (no amulet)
HPRegen  0.50/turn              (no ring)
MPRegen  0.09/turn              (no ring)

@: no status effects
A: large, unfitting armour, claws 3, regeneration 1, shaggy fur 1, tough skin 3
a: no special abilities


You were on level 2 of the Dungeon.
You visited 1 branch of the dungeon, and saw 2 of its levels.

You collected 91 gold pieces.

Inventory:

Armour
 b - a +0 robe (worn)
 c - a +0 hat (worn)
Wands
 h - a wand of enslavement (4)
Scrolls
 d - 2 scrolls of identify {unknown}
Potions
 a - 2 potions of lignification {unknown}
 e - a potion of haste {unknown}
 f - a potion of curing {unknown}
 g - a potion of flight {unknown}


   Skills:
 + Level 2.3 Dodging
 - Level 1.0 Stealth
 + Level 1.7 Unarmed Combat
 - Level 2.0 Spellcasting
 + Level 1.6 Conjurations
   Level 0.6 Summonings
   Level 0.6 Translocations


You had 5 spell levels left.
You knew the following spells:

 Your Spells              Type           Power        Failure   Level
a - Magic Dart            Conj           #...         16%         1

Your spell library contained the following spells:

 Spells                   Type           Power        Failure   Level
 Blink                    Tloc           N/A          34%         2
 Call Imp                 Summ           #.......     34%         2
 Slow                     Hex            #.......     41%         2
 Conjure Flame            Conj/Fire      #.......     54%         3
 Mephitic Cloud           Conj/Pois/Air  #.......     56%         3


Dungeon Overview and Level Annotations

Branches:
Dungeon (2/15)

Altars:

Annotations:
D:2 Robin


Innate Abilities, Weirdness & Mutations

You are too large for most types of armour.
You have claws for hands.
Your natural rate of healing is unusually fast.
You are covered in fur. (AC +1)
You have extremely tough skin. (AC +3)


Message History

The goblin is heavily wounded.
The goblin hits you but does no damage.
You scratch the goblin.
You kill the goblin!
Robin throws the goblin at you!
You barely miss the goblin. The goblin hits you but does no damage.
The goblin closely misses you.
You barely miss the goblin. Your claw misses the goblin. The goblin hits you.
* * * LOW HITPOINT WARNING * * *
The goblin hits you but does no damage.
Robin hits you from afar with a +2 vorpal spear.
* * * LOW HITPOINT WARNING * * *
x2 You scratch the goblin.
The goblin is moderately wounded.
The goblin hits you with a +0 dagger.
* * * LOW HITPOINT WARNING * * *
The goblin hits you but does no damage.
Robin hits you from afar with a +2 vorpal spear.
* * * LOW HITPOINT WARNING * * *
You die...

##. ... ### ##
.# .#
#######.#.# .#
#>g@ggg...# .#
#.#####.###
.#############.#
.............#.#
############.#.#
#.#)# ###.#.#
##### #...#.# #
....# #...#.##.#


You could see Robin and 3 goblins.

Vanquished Creatures
  2 dart slugs (D:1)
  3 leopard geckos
  3 giant cockroaches (D:1)
  9 goblins
  8 hobgoblins
  3 kobolds (D:1)
  2 ball pythons
  6 bats
  4 frilled lizards
  8 rats
48 creatures vanquished.

Notes
Turn   | Place    | Note
-------+----------+-------------------------------------------
     0 | D:1      | KristoblXynda the Troll Hedge Wizard began the quest for
                  | the Orb.
     0 | D:1      | Reached XP level 1. HP: 16/16 MP: 2/2
   126 | D:1      | Reached skill level 1 in Conjurations
   130 | D:1      | Reached XP level 2. HP: 24/24 MP: 4/4
   192 | D:1      | Reached skill level 1 in Unarmed Combat
   339 | D:1      | Reached XP level 3. HP: 26/31 MP: 5/5
   831 | D:2      | Noticed Robin
   861 | D:2      | HP: 1/31 [Robin/+2 vorpal spear (1)]
   861 | D:2      | Slain by Robin

Illustrated notes

Levels and vault maps discovered:
D:1:      lightli_molten_gateway, layout_basic
D:2:      layout_loops_ring, bloody_makhleb, uniq_robin, uniq_sigmund

Skill      XL: |  1  2 |
---------------+-------+-----
Conjurations   | 1 |  1.6
Unarmed Combat | 1 |  1.7
Dodging        | 2 |  2.3
Stealth        | |  1.0
Spellcasting   | |  2.0
Summonings     | |  0.6
Translocations | |  0.6

Action                   || total
-------------------------++-------
Melee: Unarmed           ||   176
 Stab: Sleeping          ||     1
Armor: Robe              ||    63
Dodge: Dodged            ||    94

Table legend: (Time is in decaauts)
 A = Elapsed time spent in this place.
 B = Non-inter-level travel time spent in this place.
 C = Inter-level travel time spent in this place.
 D = Time resting spent in this place.
 E = Time spent auto-exploring this place.
 F = Levels seen in this place.
 G = Mean time per level.
                   A        B        C        D        E       F      G
               +--------+--------+--------+--------+--------+-----+--------+
         Total |    856 |    835 |     21 |     11 |    433 |   2 |  428.0 |
       Dungeon |    856 |    835 |     21 |     11 |    433 |   2 |  428.0 |
               +--------+--------+--------+--------+--------+-----+--------+

Top non-repeatable levels by time:
     D:1: 585 daAuts
     D:2: 271 daAuts
